 Dungeon Crawl Stone Soup version 0.20.0-15-g7f486f2 (webtiles) character file.

6706 raph the Carver (level 10, -8/86 HPs)
             Began as a Minotaur Fighter on June 20, 2017.
             Was a Follower of the Shining One.
             Killed from afar by a lindwurm (40 damage)
             ... with a blast of flame
             ... on level 1 of the Lair of Beasts.
             The game lasted 00:21:17 (10462 turns).

raph the Carver (Minotaur Fighter)                 Turns: 10462, Time: 00:21:18

Health: -8/86      AC: 18    Str: 23    XL:     10   Next: 74%
Magic:  12/12      EV: 11    Int:  5    God:    the Shining One [*.....]
Gold:   500        SH:  0    Dex: 13    Spells: 9/9 levels left

rFire    . . .     SeeInvis .   a - +2 great sword
rCold    . . .     Gourm    .   (shield currently unavailable)
rNeg     + . .     Faith    +   x - +0 chain mail
rPois    .         Spirit   .   (helmet restricted)
rElec    .         Reflect  .   y - +1 cloak
rCorr    .         Harm     .   (no gloves)
MR       .....                  M - +2 pair of boots
Stlth    ..........             J - amulet of faith
Regen    0.3/turn               r - ring of positive energy
MPRegen  0.2/turn               s - +2 ring of protection

@: glowing
A: retaliatory headbutt, horns 2, agile 1, wild magic 2, MP-powered wands
a: Renounce Religion


You were on level 1 of the Lair of Beasts.
You worshipped the Shining One.
The Shining One was aware of your devotion.
You were not hungry.

You visited 2 branches of the dungeon, and saw 9 of its levels.

You collected 578 gold pieces.
You spent 78 gold pieces at shops.

Inventory:

Hand Weapons
 a - a +2 great sword (weapon)
 b - a +0 arbalest
 j - a +0 long sword
Missiles
 E - 42 bolts
Armour
 c - a +0 shield
 m - a +1 pair of boots
 x - a +0 chain mail (worn)
 y - a +1 cloak (worn)
 D - a +0 scale mail
 M - a +2 pair of boots (worn)
Jewellery
 r - a ring of positive energy (left hand)
 s - a +2 ring of protection (right hand)
 J - an amulet of faith (around neck)
Wands
 n - a wand of lightning (15/15)
 p - a wand of flame (23/48)
 v - a wand of digging (5/24)
 I - a wand of lightning (4/15)
Scrolls
 e - 3 scrolls of identify
 g - 3 scrolls of fog
 i - 3 scrolls of teleportation
 k - a scroll of fear
 l - 2 scrolls of enchant weapon
 z - a scroll of magic mapping
 B - a scroll of blinking
 C - a scroll of recharging
 G - a scroll of silence
Potions
 d - 3 potions of might
 h - a potion of flight
 q - a potion of curing
 u - a potion of heal wounds
 w - a potion of magic
 F - 2 potions of haste
 H - 2 potions of cancellation {unknown}
 K - a potion of ambrosia {unknown}
Miscellaneous
 L - a fan of gales
Comestibles
 f - 6 bread rations
 o - 7 meat rations
 t - a royal jelly
 A - 11 fruits


   Skills:
 + Level 7.5 Fighting
 * Level 14.2 Long Blades
 + Level 8.0 Armour
 + Level 5.6 Dodging
 - Level 3.6 Shields
 + Level 4.9 Invocations


You had 9 spell levels left.
You didn't know any spells.

Dungeon Overview and Level Annotations

Branches:
Dungeon (8/15)             Temple (0/1) D:7            Lair (1/6) D:8

Altars:
Cheibriados
Elyvilon
Fedhas
Hepliaklqana
Makhleb
Ru
Sif Muna
Trog
Vehumet
Xom
The Shining One

Shops:
D:4 (

Portals:
Volcano: Lair:1

Annotations:
D:7 exclusion: statue


Innate Abilities, Weirdness & Mutations

You reflexively headbutt those who attack you in melee.
You have a pair of horns on your head.
You are agile. (Dex +2)
Your spells are harder to cast, but more powerful.
You expend magic power (3 MP) to strengthen your wands.


Message History

You hear the brisk rumble of a distant avalanche of rocks.
Found a fan of gales and a leather armour.
All of the chunks of flesh in your inventory have rotted away.
Found a mace.
Found a war axe.
You see here a fan of gales.
L - a fan of gales
Found a scroll of remove curse.
Found a meat ration.
A lindwurm comes into view.
The lindwurm roars!
Found a dark tunnel.
The lindwurm breathes flames at you. The blast of flame hits you!
The lindwurm breathes flames at you. The blast of flame hits you!
You hear the quick rumble of an avalanche of rocks nearby.
The lindwurm breathes flames at you. The blast of flame hits you!
You die...

### *############# ##.#####
,........#...########......#*
...###.....#..§.@....≈≈§§..∩#
....#......#§≈§≈§..≈≈≈.§§≈≈≈#
...###.....#..§§§≈≈≈..%.§...#
.....#...#...#.....k.########
.........##.###.##.###***
..........###.#######**,*
...).................,,,**
..................#****,,*
..####............## *,,*


You could see a lindwurm.

Vanquished Creatures
  A two-headed ogre (D:8)
  A hippogriff (D:8)
  4 blink frogs (Lair:1)
  6 yaks
  A wyvern (D:8)
  4 porcupines (D:8)
  A water moccasin (Lair:1)
  A hornet zombie (D:8)
  2 phantoms
  A sky beast (D:7)
  An ice beast (D:6)
  A black bear (D:8)
  2 ogres
  4 centaurs
  2 crocodiles (D:8)
  2 big kobolds
  6 bullfrogs
  4 scorpions
  7 wights
  3 killer bees (D:8)
  A howler monkey (D:4)
  2 bullfrog zombies
  2 crimson imps
  A quasit (D:6)
  4 orc priests
  2 hounds
  A bullfrog skeleton (D:4)
  3 centaur skeletons
  Ijyb (D:3)
  2 iguanas
  15 orc wizards
  4 worker ants
  A hound zombie (D:6)
  A howler monkey zombie (D:8)
  Robin (D:2)
  7 gnolls (D:3)
  8 adders
  A shadow imp (D:6)
  An ooze (D:1)
  An adder skeleton (D:6)
  3 worms
  5 dart slugs
  4 leopard geckos
  25 orcs
  4 ball pythons
  7 bats
  9 giant cockroaches
  22 goblins
  20 hobgoblins
  4 jackals (D:8)
  2 quokkas (D:3)
  4 frilled lizards
  3 jackal skeletons
  38 kobolds
  A leopard gecko skeleton (D:7)
  A quokka skeleton (D:7)
  7 rats
272 creatures vanquished.

Vanquished Creatures (others)
  A black bear (D:6)
  A bullfrog skeleton (D:5)
  A hound (D:6)
  An iguana (D:6)
  A worker ant (D:6)
  A quokka zombie (D:6)
  5 fungi (D:8)
  2 plants (D:8)
13 creatures vanquished.

Grand Total: 285 creatures vanquished

Notes
Turn   | Place    | Note
-------+----------+-------------------------------------------
     0 | D:1      | raph the Minotaur Fighter began the quest for the Orb.
     0 | D:1      | Reached XP level 1. HP: 19/19 MP: 0/0
    62 | D:1      | Reached skill level 3 in Long Blades
   107 | D:1      | Reached XP level 2. HP: 26/26 MP: 1/1
   448 | D:1      | Reached skill level 4 in Long Blades
   580 | D:1      | Reached XP level 3. HP: 31/31 MP: 2/2
  1186 | D:2      | Reached skill level 5 in Long Blades
  1467 | D:2      | Noticed Robin
  1475 | D:2      | Reached XP level 4. HP: 35/39 MP: 3/3
  1782 | D:2      | Killed Robin
  2015 | D:2      | Reached skill level 6 in Long Blades
  2440 | D:3      | Noticed Ijyb
  2450 | D:3      | Killed Ijyb
  2450 | D:3      | Reached XP level 5. HP: 45/45 MP: 4/4
  2459 | D:3      | Found a blossoming altar of Fedhas.
  2598 | D:3      | Gained mutation: Your spells are a little harder to cast, but a little more powerful. [potion of mutation]
  2598 | D:3      | Gained mutation: Your spells are harder to cast, but more powerful. [potion of mutation]
  2598 | D:3      | Gained mutation: You expend magic power (3 MP) to strengthen your wands. [potion of mutation]
  2598 | D:3      | Gained mutation: You are agile. (Dex +2) [potion of mutation]
  2598 | D:3      | HP: 1/45 [quokka (2)]
  2971 | D:3      | Reached skill level 7 in Long Blades
  3791 | D:4      | Reached XP level 6. HP: 16/51 MP: 5/5
  4056 | D:4      | Found Ollan's Weapon Shoppe.
  4060 | D:4      | Bought a +0 great sword for 78 gold pieces
  4098 | D:4      | Reached skill level 8 in Long Blades
  4499 | D:4      | Reached skill level 9 in Long Blades
  4510 | D:4      | Reached XP level 7. HP: 57/57 MP: 6/6
  4598 | D:4      | Found a deep blue altar of Sif Muna.
  4886 | D:3      | Reached skill level 10 in Long Blades
  5402 | D:4      | Found a white marble altar of Elyvilon.
  5408 | D:5      | Entered Level 5 of the Dungeon
  5655 | D:5      | Reached skill level 1 in Dodging
  5935 | D:5      | Reached XP level 8. HP: 49/66 MP: 7/7
  6525 | D:6      | Found a shimmering altar of Xom.
  6531 | D:6      | Reached skill level 11 in Long Blades
  6580 | D:6      | Reached skill level 5 in Armour
  6852 | D:6      | Reached skill level 5 in Fighting
  6865 | D:6      | Found a burning altar of Makhleb.
  7489 | D:6      | Reached XP level 9. HP: 74/74 MP: 8/8
  7569 | D:7      | Found a bloodstained altar of Trog.
  7637 | D:7      | Found a radiant altar of Vehumet.
  7703 | D:7      | Found a glowing golden altar of the Shining One.
  7711 | D:7      | Became a worshipper of the Shining One
  7839 | D:7      | Found a staircase to the Ecumenical Temple.
  7921 | D:7      | Found a sacrificial altar of Ru.
  7987 | D:7      | Reached skill level 12 in Long Blades
  8090 | D:7      | Reached skill level 1 in Invocations
  8397 | D:8      | Reached * piety under the Shining One
  8429 | D:8      | Reached skill level 13 in Long Blades
  8823 | D:8      | Found a staircase to the Lair.
  9098 | D:8      | Found a radiant altar of Vehumet.
  9242 | D:8      | Reached XP level 10. HP: 71/84 MP: 11/11
  9413 | D:8      | Found a snail-covered altar of Cheibriados.
  9413 | D:8      | Found a hazy altar of Hepliaklqana.
  9471 | D:8      | Noticed a two-headed ogre
  9475 | D:8      | Killed a two-headed ogre
  9702 | D:8      | Reached skill level 5 in Dodging
 10051 | D:8      | Noticed a two-headed ogre
 10051 | Lair:1   | Entered Level 1 of the Lair of Beasts
 10165 | Lair:1   | Reached skill level 14 in Long Blades
 10450 | Lair:1   | Noticed a lindwurm
 10451 | Lair:1   | Found a dark tunnel.
 10462 | Lair:1   | Killed from afar by a lindwurm

Skill      XL: |  1  2  3  4  5  6  7  8  9 10 |
---------------+-------------------------------+-----
Long Blades    | 3 4 5 6 7 9 10 11 13 14 | 14.2
Dodging        | 1 3 4 5 |  5.6
Armour         | 4 5 7 8 |  8.0
Fighting       | 4 5 6 7 |  7.5
Invocations    | 3 4 |  4.9
Shields        | |  3.6

Action                   |  1- 3 |  4- 6 |  7- 9 | 10-12 || total
-------------------------+-------+-------+-------+-------++-------
Melee: Long sword        |    92 |   124 |       |       ||   216
       Headbutt          |    20 |    28 |    41 |    10 ||    99
       Great sword       |       |    28 |   271 |    66 ||   365
 Fire: Arbalest          |       |       |       |     1 ||     1
  Use: Potion            |       |     5 |     1 |       ||     6
       Scroll            |       |    11 |    12 |     1 ||    24
  Eat: Chunk             |     2 |    10 |    15 |     4 ||    31
Armor: Scale mail        |    47 |    47 |       |       ||    94
       Chain mail        |       |    15 |   171 |    35 ||   221
Dodge: Dodged            |    47 |    70 |   133 |    37 ||   287
       Rpst.: Long sword |     7 |    15 |       |       ||    22
       Great sword       |       |     1 |    39 |     7 ||    47
